[Event "ICCopen2017"]
[Site "Internet Chess Club"]
[Date "2017.03.26"]
[Round "6"]
[White "institutano"]
[Black "heartache"]
[Result "0-1"]
[ICCResult "White forfeits on time"]
[WhiteElo "1718"]
[BlackElo "1069"]
[Opening "QGA: 4...e6"]
[ECO "D26"]
[NIC "QG.05"]
[Time "20:07:43"]
[TimeControl "180+0"]

1. d4 d5 2. c4 dxc4 3. Nf3 e6 4. e3 Nf6 5. Bxc4 Bb4+ 6. Nc3 Nc6 7. O-O Ba5
8. a3 Bb6 9. Qd3 a6 10. Rd1 O-O 11. e4 Na5 12. Ba2 Nc6 13. Bg5 h6 14. Bh4
Ne7 15. e5 Nfd5 16. Bxd5 exd5 17. Bxe7 Qxe7 18. Nxd5 Qe6 19. Nxb6 cxb6 20.
Rac1 Qf5 {White forfeits on time} 0-1

[Event "ICCopen2017"]
[Site "Internet Chess Club"]
[Date "2017.03.26"]
[Round "6"]
[White "MasterMind"]
[Black "Massada"]
[Result "1-0"]
[ICCResult "Black resigns"]
[WhiteElo "1784"]
[BlackElo "1531"]
[Opening "English opening: Agincourt variation"]
[ECO "A13"]
[NIC "RE.12"]
[Time "20:06:56"]
[TimeControl "180+0"]

1. Nf3 e6 2. c4 d5 3. g3 c5 4. Bg2 Nc6 5. O-O Nf6 6. cxd5 exd5 7. d4 Be6 8.
Nc3 h6 9. b3 Rc8 10. Bb2 Nxd4 11. Nxd4 cxd4 12. Nb5 Be7 13. Nxa7 Ra8 14. Nb5
O-O 15. Nxd4 Bg4 16. h3 Bd7 17. Qd3 Qb6 18. Nf5 Bb5 19. Nxe7+ Kh8 20. Nxd5
Bxd3 21. Nxb6 Ra6 22. exd3 Rxb6 23. Rfd1 Rd8 24. Rd2 Nd5 25. Bxd5 Rxd5 26.
d4 Ra6 27. a4 Rb6 28. Rd3 Rb4 29. Kf1 Kg8 30. Ke2 Kf8 31. Kd2 Ke7 32. Ba3
{Black resigns}
1-0

[Event "ICCopen2017"]
[Site "Internet Chess Club"]
[Date "2017.03.26"]
[Round "6"]
[White "olimpioMD"]
[Black "uptonjr"]
[Result "0-1"]
[ICCResult "White checkmated"]
[WhiteElo "1344"]
[BlackElo "1748"]
[Opening "Sicilian: closed, 2...Nc6"]
[ECO "B23"]
[NIC "SI.44"]
[Time "20:07:12"]
[TimeControl "180+0"]

1. e4 c5 2. Nc3 Nc6 3. Nf3 a6 4. a3 d6 5. Bc4 e6 6. d3 Nf6 7. Bg5 Be7 8. h4
h6 9. Be3 Ng4 10. Bf4 e5 11. Bg3 O-O 12. Nh2 Nxh2 13. Bxh2 Be6 14. Ba2 Bxh4
15. Qh5 Bg5 16. Nd5 Bxd5 17. Bxd5 Nd4 18. O-O Qf6 19. f4 exf4 20. Bxf4 Bxf4
21. g3 Qg5 22. Qxg5 Bxg5 23. c3 Ne2+ 24. Kg2 Rab8 25. Rf2 Nc1 26. Rb1 Nxd3
27. Rf3 Ne5 28. Rf5 g6 29. Rf3 Kg7 30. Rff1 b5 31. Rf2 a5 32. Rbf1 b4 33.
cxb4 axb4 34. a4 Rb6 35. b3 Ra6 36. Bb7 Ra7 37. Bd5 c4 38. bxc4 Rxa4 39. Rb2
Rb8 40. Rb3 Ra3 41. Rb2 b3 42. c5 dxc5 43. Rd1 c4 44. Bxc4 Nxc4 45. Re2 Ra2
46. Rxa2 bxa2 47. e5 Ne3+ 48. Kf3 Nxd1 49. Ke4 a1=Q 50. Kd5 Qc3 51. Kd6 Rd8#
{White checkmated}
0-1

[Event "ICCopen2017"]
[Site "Internet Chess Club"]
[Date "2017.03.26"]
[Round "6"]
[White "hectorlamadrid"]
[Black "Hellzito"]
[Result "1-0"]
[ICCResult "Black resigns"]
[WhiteElo "1622"]
[BlackElo "1842"]
[Opening "Sicilian: Smith-Morra gambit"]
[ECO "B21"]
[NIC "SI.47"]
[Time "20:06:54"]
[TimeControl "180+0"]

1. e4 c5 2. d4 cxd4 3. c3 Nf6 4. e5 Nd5 5. cxd4 Nc6 6. Nf3 g6 7. Nc3 Nxc3 8.
bxc3 Bg7 9. Bc4 O-O 10. O-O d6 11. exd6 Qxd6 12. Re1 Bg4 13. Be2 Rad8 14.
Qa4 e5 15. Ba3 Qd5 16. Bxf8 Rxf8 17. dxe5 Nxe5 18. Nxe5 Bxe2 19. Nxg6 fxg6
20. Rxe2 Bxc3 21. Rc1 Bd4 22. Qb3 Qxb3 23. axb3 Kg7 24. Rc7+ Kh6 25. Rxb7
Kg5 26. Kf1 h5 27. f3 Bb6 28. Re6 Rd8 29. Rg7 Rd2 30. Rgxg6+ Kf4 31. Rxb6
axb6 32. Rxb6 Rd1+ 33. Ke2 Rh1 34. g3+ Kg5 35. h4+ Kf5 36. Rb5+ Kg6 37. b4
Rh2+ 38. Ke3 Rc2 39. Rb6+ Kf5 40. Rb5+ Kg6 41. g4 Rc3+ 42. Kf2 hxg4 43. fxg4
Rc4 44. Rb6+ Kg7 45. Kf3 Kf7 46. h5 Kg7 47. g5 Rc3+ 48. Kf4 Rc1 49. Rb7+ Kf8
50. h6 Rf1+ 51. Ke5 Kg8 52. g6 Re1+ 53. Kd6 Rf1 54. Rb8+ Rf8 55. Rxf8+ Kxf8
56. h7 Kg7 57. b5 Kh8 58. b6 Kg7 59. b7 Kh8 60. b8=Q+ Kg7 61. h8=Q+ Kxg6 62.
Qbg8+ {Black resigns} 1-0

[Event "ICCopen2017"]
[Site "Internet Chess Club"]
[Date "2017.03.26"]
[Round "6"]
[White "Cryptochess"]
[Black "tsedaka26"]
[Result "1-0"]
[ICCResult "Black forfeits on time"]
[WhiteElo "2551"]
[BlackElo "1686"]
[Opening "French: Burn variation"]
[ECO "C11"]
[NIC "FR.05"]
[Time "20:06:24"]
[TimeControl "180+0"]

1. e4 e6 2. d4 d5 3. Nc3 Nf6 4. Bg5 dxe4 5. Nxe4 Be7 6. Bxf6 gxf6 7. Nf3 f5
8. Nc3 Qd6 9. Bc4 a6 10. O-O b5 11. Bb3 Bb7 12. d5 e5 13. Re1 Nd7 14. Qe2 e4
15. Nd4 Qe5 16. Nc6 Bxc6 17. dxc6 Nf6 18. Rad1 Bd6 19. g3 Rg8 20. Nd5 h5 21.
f4 Qxb2 22. Ne3 Bc5 23. Kh1 Bxe3 24. Qxe3 h4 25. Qc5 hxg3 26. Qxf5 gxh2 27.
Bxf7+ Kf8 28. Bxg8 Kxg8 29. Qg6+ Kh8 30. Re3 Nh7 31. Rh3 Qg7 32. Qxe4 Rg8
33. Rxh2 Qg6 34. Qxg6 Rxg6 35. Rd7 Rxc6 36. Rhxh7+ Kg8 37. Rhg7+ Kf8 38. Rh7
Kg8 39. Rh2 b4 40. Rf2 a5 41. f5 b3 42. axb3 Rh6+ 43. Kg2 Rd6 44. Kf3 Rxd7
45. Kf4 Kf7 46. Kg5 Rd4 47. Rh2 Rd6 48. Rh7+ Kg8 49. Rxc7 Rd2 50. Kf6 Rd6+
51. Kg5 Rd2 52. Kg6 Rg2+ 53. Kf6 Rd2 54. Rc8+ Kh7 55. Rc7+ Kh6 56. Rc6 Rd6+
57. Kf7 Rxc6 58. f6 Rb6 59. Kg8 Rb7 60. f7 Rb8+ 61. f8=Q+ Kh5 62. c4 Kg4 63.
c5 {Black forfeits on time} 1-0

[Event "ICCopen2017"]
[Site "Internet Chess Club"]
[Date "2017.03.26"]
[Round "6"]
[White "fletcherdavid"]
[Black "LevAbramovich"]
[Result "1/2-1/2"]
[ICCResult "Game drawn by repetition"]
[WhiteElo "1878"]
[BlackElo "2087"]
[Opening "Nimzovich-Larsen attack: English variation"]
[ECO "A01"]
[NIC "VO.08"]
[Time "20:07:47"]
[TimeControl "180+0"]

1. b3 c5 2. Bb2 Nc6 3. e3 d6 4. Bb5 e5 5. Bxc6+ bxc6 6. Ne2 g6 7. O-O Bg7 8.
d4 exd4 9. exd4 Ne7 10. Qc1 cxd4 11. Bxd4 O-O 12. Bxg7 Kxg7 13. c4 d5 14.
Rd1 Bb7 15. Nbc3 Kg8 16. Na4 Rc8 17. Ng3 Qc7 18. Nc5 Ba8 19. b4 Rfe8 20. h3
a5 21. a3 Qb6 22. Qc3 Qa7 23. Re1 Rcd8 24. Rad1 Nc8 25. cxd5 cxd5 26. h4 Nd6
27. h5 axb4 28. axb4 Nb5 29. Qf6 Nc7 30. hxg6 hxg6 31. Nh5 gxh5 32. Qg5+ Kf8
33. Qh6+ Kg8 34. Qg5+ Kf8 35. Qh6+ Kg8 36. Qg5+ Kf8 37. Qh6+
{Game drawn by repetition}
1/2-1/2

[Event "ICCopen2017"]
[Site "Internet Chess Club"]
[Date "2017.03.26"]
[Round "6"]
[White "tolialuisan"]
[Black "catshow"]
[Result "0-1"]
[ICCResult "White forfeits on time"]
[WhiteElo "1507"]
[BlackElo "1837"]
[Opening "KGA: King's knight's gambit"]
[ECO "C37"]
[NIC "KG.03"]
[Time "20:06:44"]
[TimeControl "180+0"]

1. e4 e5 2. f4 exf4 3. Bc4 g5 4. Nf3 c6 5. O-O d5 6. exd5 cxd5 7. Qe2+ Be6
8. Bb3 Nc6 9. d4 h6 10. Nc3 Nf6 11. Bd2 Bd6 12. Nxd5 O-O 13. Nxf6+ Qxf6 14.
d5 Bc5+ 15. Kh1 Nd4 16. Nxd4 Bxd4 17. c3 Bc5 18. dxe6 fxe6 19. Qxe6+ Qxe6
20. Bxe6+ Kg7 21. b4 Bb6 22. c4 Rad8 23. Bc3+ Bd4 24. Rac1 Bxc3 25. Rxc3 Kf6
26. Bd5 b5 27. Re1 bxc4 28. Bxc4 Rc8 29. Kg1 Rc6 30. Rec1 Rfc8 31. b5 Rc5
32. a4 Ke5 33. Kf2 Kd4 34. Kf3 Rxc4 35. Rxc4+ Rxc4 36. Rxc4+ Kxc4 37. g3
fxg3 38. hxg3 Kb4 39. Kg4 Kxa4 40. Kh5 Kxb5 41. Kxh6 a5 42. Kxg5 a4 43. Kh6
a3 44. g4 a2 45. g5 a1=Q 46. g6 Qh1+ {White forfeits on time} 0-1

[Event "ICCopen2017"]
[Site "Internet Chess Club"]
[Date "2017.03.26"]
[Round "6"]
[White "cgi-chess"]
[Black "leole51"]
[Result "0-1"]
[ICCResult "White forfeits on time"]
[WhiteElo "1406"]
[BlackElo "1685"]
[Opening "KP: Lopez opening"]
[ECO "C20"]
[NIC "KP.10"]
[Time "20:07:15"]
[TimeControl "180+0"]

1. e4 e5 2. c3 Nf6 3. d3 c6 4. Be3 d5 5. exd5 cxd5 6. Nf3 Nc6 7. Be2 Bd6 8.
h3 O-O 9. a3 Bf5 10. Nh4 Be6 11. Nf3 h6 12. O-O Re8 13. Nh2 Ne7 14. Nd2 Ng6
15. Ndf3 a6 16. Rc1 Rc8 17. Qd2 e4 18. Nd4 Ne5 19. dxe4 Nxe4 20. Bf3 Nxd2
21. Bxd2 Nc4 22. Be3 Nxe3 23. fxe3 Qg5 24. Bg4 Qxe3+ 25. Kh1 Qg3 26. Ndf3 f5
27. Bh5 g6 28. Bxg6 Qxg6 29. Rce1 Qg3 30. Re2 d4 31. cxd4 Bc4 32. Rxe8+ Rxe8
33. Rc1 Re2 34. Rg1 Bd5 {White forfeits on time} 0-1

[Event "ICCopen2017"]
[Site "Internet Chess Club"]
[Date "2017.03.26"]
[Round "6"]
[White "BillietheKid"]
[Black "Soulbrother"]
[Result "1-0"]
[ICCResult "Black checkmated"]
[WhiteElo "1440"]
[BlackElo "1367"]
[Opening "Lengfellner system"]
[ECO "B07"]
[NIC "VO.17"]
[Time "20:08:05"]
[TimeControl "180+0"]

1. e4 d6 2. d4 e6 3. c4 Be7 4. Nc3 Nf6 5. f4 O-O 6. Nf3 Nbd7 7. Be2 a6 8.
O-O c6 9. Be3 b5 10. f5 b4 11. e5 Ng4 12. f6 Bxf6 13. exf6 Nxe3 14. Qd3 Nxf1
15. fxg7 Re8 16. Ne4 Nf6 17. Rxf1 Kxg7 18. Nfg5 Rh8 19. Nxf6 Qxf6 20. Rxf6
Kxf6 21. Ne4+ Ke7 22. Qg3 e5 23. dxe5 Bf5 24. exd6+ Kd7 25. Nc5+ Kd8 26.
Qg5+ f6 27. Qxf5 Re8 28. Qd7# {Black checkmated} 1-0

[Event "ICCopen2017"]
[Site "Internet Chess Club"]
[Date "2017.03.26"]
[Round "6"]
[White "Cramagica"]
[Black "KnightWalker"]
[Result "0-1"]
[ICCResult "White forfeits on time"]
[WhiteElo "1087"]
[BlackElo "1353"]
[Opening "Réti: old Indian attack"]
[ECO "A06"]
[NIC "QP.09"]
[Time "20:06:46"]
[TimeControl "180+0"]

1. Nf3 d5 2. d3 Nc6 3. e3 Bg4 4. h3 Bh5 5. c4 dxc4 6. d4 b5 7. Be2 Nf6 8.
Nc3 a6 9. b3 cxb3 10. axb3 e6 11. O-O Bb4 12. Bb2 O-O 13. Qc2 Bg6 14. Bd3
Bxd3 15. Qxd3 Re8 16. Ne4 Nxe4 17. Qxe4 Qd7 18. Rfc1 Ne7 19. Ne5 Qd6 20. Bc3
c5 21. Bxb4 cxb4 22. Rc5 Nd5 23. Qg4 f6 24. Nd3 Rec8 25. Rac1 Rxc5 26. dxc5
Qd7 27. Nxb4 Nxb4 28. Qxb4 Qc6 29. Qd4 a5 30. Qd6 Rc8 {White forfeits on
time} 0-1

[Event "ICCopen2017"]
[Site "Internet Chess Club"]
[Date "2017.03.26"]
[Round "6"]
[White "Mercury"]
[Black "larso"]
[Result "0-1"]
[ICCResult "White forfeits on time"]
[WhiteElo "2189"]
[BlackElo "2635"]
[Opening "Sicilian: dragon, Yugoslav attack, 9...Bd7"]
[ECO "B77"]
[NIC "SI.18"]
[Time "20:06:28"]
[TimeControl "180+0"]

1. e4 c5 2. Nf3 d6 3. d4 cxd4 4. Nxd4 Nf6 5. Nc3 g6 6. Be3 Bg7 7. f3 O-O 8.
Qd2 Nc6 9. Bc4 Bd7 10. h4 Rc8 11. Bb3 h5 12. O-O-O Nxd4 13. Bxd4 b5 14. g4
hxg4 15. h5 Rc4 16. Bxc4 bxc4 17. hxg6 fxg6 18. Qg5 Kf7 19. f4 Rh8 20. e5
Bf5 21. Ne2 Ne4 22. e6+ Kxe6 23. Rxh8 Qxh8 24. Bxg7 Qxg7 25. Nd4+ Qxd4 26.
Rxd4 Nxg5 27. fxg5 d5 28. Kd2 Ke5 29. Ke3 Be4 30. c3 g3 31. Rd1 g2 32. b4
Kf5 33. b5 Kxg5 34. a4 e5 35. a5 Kg4 36. b6 axb6 37. axb6 Kf5 38. Re1 d4+
39. cxd4 exd4+ 40. Kxd4 Bf3 41. Kxc4 Kf4 42. Kd4 g5 43. Rg1 g4 44. Kd3 Kg3
45. Ke3 Kh2 46. Kf2 Bb7 47. Re1 g3+ 48. Ke3 g1=Q+ 49. Rxg1 Kxg1 50. Kf4 Kh2
51. Kg4 g2 52. Kf5 g1=Q 53. Ke6 Qc5 {White forfeits on time} 0-1

[Event "ICCopen2017"]
[Site "Internet Chess Club"]
[Date "2017.03.26"]
[Round "6"]
[White "Dictator"]
[Black "nurmi"]
[Result "0-1"]
[ICCResult "White forfeits on time"]
[WhiteElo "2575"]
[BlackElo "2365"]
[Opening "English: three knights system"]
[ECO "A27"]
[NIC "EO.21"]
[Time "20:06:29"]
[TimeControl "180+0"]

1. c4 e5 2. Nc3 Nc6 3. Nf3 Bc5 4. e3 a6 5. a3 d6 6. b4 Ba7 7. Bb2 Nf6 8. Qc2
O-O 9. Be2 Bg4 10. Nd5 Nxd5 11. cxd5 Ne7 12. Ng5 Bf5 13. e4 Nxd5 14. h4 Bg6
15. g3 h6 16. h5 Bf5 17. Nf3 Bh7 18. d3 Nf6 19. Nh4 Rc8 20. Qb3 Qd7 21. O-O
Qh3 22. d4 exd4 23. Ng6 d3 24. Qxd3 fxg6 25. Bf3 Qxg3+ 26. Kh1 Qh3+ 27. Kg1
Ng4 28. Qd5+ Kh8 29. Bxg4 Qxg4+ 30. Kh2 Qxh5+ 31. Kg2 Qxd5 32. exd5 g5 33.
Rac1 Be4+ 34. f3 Bxd5 35. Rc2 Bc6 36. Rd2 Kh7 37. Rff2 Rf7 38. Rf1 Rcf8 39.
Rd3 g4 40. Kg3 gxf3 41. Bd4 Be4 42. Re3 Bxd4 43. Rxe4 Be5+ 44. Kf2 g5 45.
Ke1 Kg6 46. Kd2 g4 47. Kd3 h5 48. Rf2 Kg5 49. Rf1 Rf4 50. Rd1 Rxe4 51. Kxe4
Rf4+ 52. Kd5 f2 53. Ke6 f1=Q 54. Kd7 Qxd1 55. Kc8 Qb3 56. Kxb7 Qxa3
{White forfeits on time}
0-1

[Event "ICCopen2017"]
[Site "Internet Chess Club"]
[Date "2017.03.26"]
[Round "6"]
[White "marjose"]
[Black "nahuels1992"]
[Result "0-1"]
[ICCResult "White forfeits on time"]
[WhiteElo "1714"]
[BlackElo "1363"]
[Opening "Ruy Lopez: Anderssen variation"]
[ECO "C77"]
[NIC "RL.12"]
[Time "20:06:35"]
[TimeControl "180+0"]

1. e4 e5 2. Nf3 Nc6 3. Bb5 a6 4. Ba4 Nf6 5. d3 Bc5 6. c3 b5 7. Bc2 d6 8.
Nbd2 O-O 9. Nf1 Ng4 10. Ne3 Nxe3 11. fxe3 Bxe3 12. Bxe3 d5 13. Qe2 d4 14.
cxd4 exd4 15. Bf4 f5 16. e5 Be6 17. O-O Nb4 18. Bb3 Bxb3 19. axb3 c5 20. Ng5
Qd5 21. e6 h6 22. Nf7 Rfe8 23. Rfe1 g5 24. Nxh6+ Kg7 25. Bxg5 Kg6 26. h4 a5
27. Bc1 Ra6 28. h5+ Kh7 29. Nf7 Kg7 30. Ng5 Kf6 31. Qf2 Nxd3 32. Qh4 Nxe1
33. Nf3+ Kxe6 34. Nxe1 Rg8 35. Nf3 Qxf3 36. Bg5 Qg4 37. Re1+ Kd5 38. Qf2 Re6
39. Rxe6 Kxe6 40. Qe1+ Qe4 41. Qxe4+ fxe4 {White forfeits on time} 0-1

[Event "ICCopen2017"]
[Site "Internet Chess Club"]
[Date "2017.03.26"]
[Round "6"]
[White "Clownfish"]
[Black "ural"]
[Result "1-0"]
[ICCResult "Black checkmated"]
[WhiteElo "2629"]
[BlackElo "2348"]
[Opening "Queen's pawn, Mason variation"]
[ECO "D00"]
[NIC "QP.08"]
[Time "20:06:56"]
[TimeControl "180+0"]

1. d4 d5 2. Bf4 Nd7 3. Nf3 e6 4. e3 f5 5. Ne5 Nxe5 6. Bxe5 Nf6 7. Nd2 Bd6 8.
Bxd6 cxd6 9. c4 O-O 10. Be2 Bd7 11. O-O Qb6 12. Qb3 Qxb3 13. Nxb3 dxc4 14.
Bxc4 Rfc8 15. Rac1 Kf7 16. Bd3 Ke7 17. f3 Ba4 18. Rxc8 Rxc8 19. Rc1 Rxc1+
20. Nxc1 Nd5 21. Kf2 g6 22. g3 Nb4 23. Ke2 Nxd3 24. Nxd3 Bb5 25. Kd2 a5 26.
e4 fxe4 27. fxe4 g5 28. Ke3 Bc4 29. b3 Bb5 30. a3 a4 31. b4 Bxd3 32. Kxd3 b5
33. Ke3 Kf6 34. Kf3 h5 35. h3 Kg6 36. Ke3 Kf6 37. Kf3 Kg6 38. Ke3 Kf7 39.
Kf2 Kf6 40. Kf3 Ke7 41. Ke2 e5 42. Kd3 Ke6 43. Ke3 Kf6 44. d5 Kg6 45. Kf3
Kf6 46. Kf2 Kg6 47. Kg2 Kf6 48. Kf3 Kg6 49. Kf2 Kf6 50. Kg2 Kg6 51. Kg1 Kf6
52. Kf1 Kg6 53. Ke2 Kf6 54. Kf2 Kg6 55. Ke3 Kf6 56. Kd3 Kg6 57. Ke2 Kf6 58.
Kf2 Kg6 59. Kf1 Kf6 60. Kg2 Kg6 61. Kh2 Kf6 62. Kg2 Kg6 63. g4 Kf6 64. gxh5
Kg7 65. Kg3 Kh7 66. Kg4 Kh6 67. h4 gxh4 68. Kxh4 Kg7 69. Kg5 Kf7 70. Kf5 Kg7
71. Ke6 Kh6 72. Kxd6 Kxh5 73. Kxe5 Kg6 74. d6 Kf7 75. d7 Ke7 76. Kd5 Kxd7
77. Kc5 Ke6 78. Kxb5 Ke5 79. Kxa4 Kxe4 80. Kb5 Kd5 81. a4 Kd6 82. Kb6 Kd7
83. Kb7 Kd6 84. a5 Kd5 85. b5 Kc4 86. b6 Kb5 87. a6 Kc5 88. a7 Kd4 89. a8=Q
Kc3 90. Qc8+ Kd4 91. Qe6 Kd3 92. Kc6 Kd4 93. b7 Kc3 94. Kc5 Kc2 95. b8=Q Kd2
96. Qb2+ Kd1 97. Qee2# {Black checkmated} 1-0

[Event "ICCopen2017"]
[Site "Internet Chess Club"]
[Date "2017.03.26"]
[Round "6"]
[White "EGK"]
[Black "DetectiveStark"]
[Result "0-1"]
[ICCResult "White resigns"]
[WhiteElo "1929"]
[BlackElo "2502"]
[Opening "Queen's pawn: Torre attack"]
[ECO "A46"]
[NIC "QP.04"]
[Time "20:07:42"]
[TimeControl "180+0"]

1. d4 Nf6 2. Nf3 e6 3. Bg5 h6 4. Bh4 d6 5. e3 g5 6. Bg3 Nh5 7. Bd3 Nd7 8.
Nbd2 Bg7 9. c3 a6 10. Qc2 Qe7 11. e4 b6 12. O-O-O Bb7 13. Rde1 O-O-O 14. Qa4
b5 15. Qc2 Nxg3 16. hxg3 Nb6 17. Nb3 c5 18. dxc5 dxc5 19. Na5 Ba8 20. e5 g4
21. Nd2 c4 22. Be4 Nd5 23. a4 Qc7 24. b4 cxb3 25. Naxb3 bxa4 26. Nd4 Bxe5
27. Bxd5 Bxd5 28. Kb2 Bxd4 29. cxd4 Qxc2+ 30. Kxc2 Bxg2 31. Rhg1 Bc6 32. Nc4
Rxd4 33. Ne5 Be8 34. Kc3 Rd5 35. Nc4 Kc7 36. Rb1 Bb5 37. Ne3 Rd3+ 38. Kc2
Rhd8 39. Rgd1 Rxd1 40. Rxd1 Rxd1 41. Kxd1 h5 42. Kc2 Kd6 43. Kc3 Kc5 44. Nc2
e5 {White resigns} 0-1

[Event "ICCopen2017"]
[Site "Internet Chess Club"]
[Date "2017.03.26"]
[Round "6"]
[White "LittleMaster"]
[Black "eltigrecu"]
[Result "1-0"]
[ICCResult "Black resigns"]
[WhiteElo "2302"]
[BlackElo "1957"]
[Opening "QGD Slav defense"]
[ECO "D10"]
[NIC "SL.01"]
[Time "20:07:09"]
[TimeControl "180+0"]

1. d4 d5 2. c4 c6 3. e3 Nf6 4. Nc3 Bf5 5. Nf3 e6 6. b3 Bb4 7. Bd2 Nbd7 8. a3
Bxc3 9. Bxc3 Ne4 10. Bd2 O-O 11. Be2 Ndf6 12. O-O Bg4 13. h3 Bh5 14. Rc1 Qe7
15. c5 Bxf3 16. Bxf3 e5 17. Re1 exd4 18. exd4 Rfe8 19. Bf4 Qd7 20. Be5 Qf5
21. Bxe4 Nxe4 22. Qc2 f6 23. f3 fxe5 24. fxe4 dxe4 25. Rxe4 Rad8 26. Rf1 Qg6
27. Qc4+ Kh8 28. Rxe5 Rxe5 29. dxe5 h6 30. Qf7 Qg3 31. e6 Rd2 32. Qf8+ Kh7
33. Qf5+ Kh8 34. Qf3 Qxf3 35. Rxf3 Re2 36. Rf8+ Kh7 37. Re8 Kg6 38. Rb8 Rxe6
39. Rxb7 Re5 40. b4 a6 41. Rb6 a5 42. Rxc6+ Kf5 43. b5 Kf4 44. Kh2 g5 45. b6
h5 46. b7 g4 47. b8=Q g3+ 48. Kg1 Kf5 49. Qxe5+ Kxe5 50. Rg6 h4 51. Rg4 Kd5
52. Rxh4 Kxc5 53. Rg4 Kb5 54. Rxg3 Ka4 55. Kh2 Kb5 56. h4 Ka4 57. h5 Kb5 58.
h6 Ka4 59. h7 Kb5 60. h8=Q Ka4 61. Qd4+ Kb5 62. Rg5+ Kc6 63. Qf6+ Kd7 64.
Rg7+ Ke8 65. Qf7+ {Black resigns} 1-0

[Event "ICCopen2017"]
[Site "Internet Chess Club"]
[Date "2017.03.26"]
[Round "6"]
[White "ibarra"]
[Black "gannikus1992"]
[Result "1-0"]
[ICCResult "Black resigns"]
[WhiteElo "2760"]
[BlackElo "2366"]
[Opening "King's pawn opening"]
[ECO "B07"]
[NIC "VO.17"]
[Time "20:06:56"]
[TimeControl "180+0"]

1. e4 d6 2. d4 g6 3. Nf3 Bg7 4. Bc4 c6 5. Bb3 d5 6. Nbd2 Nf6 7. e5 Nfd7 8.
c4 e6 9. O-O O-O 10. Re1 b6 11. Nf1 Ba6 12. Bg5 Qc8 13. cxd5 cxd5 14. Rc1
Qb7 15. Ne3 Nc6 16. Qd2 f6 17. exf6 Nxf6 18. Bxf6 Rxf6 19. Ng5 Raf8 20. Ng4
Rf4 21. Nxe6 Rxg4 22. Bxd5 Qd7 23. Bxc6 Qd6 24. Nxf8 Bxf8 25. Bf3 Rxd4 26.
Qe3 Bc4 27. b3 Bf7 28. Qe5 Qxe5 29. Rxe5 Bc5 30. Re2 g5 31. g3 Kg7 32. Kg2
g4 33. Bb7 Rd7 34. Bc6 Rd6 35. Be4 Re6 36. Rce1 Rf6 37. f4 h5 38. Rd1 h4 39.
gxh4 Rxf4 40. Bd5 Bg6 41. Rde1 Bd3 42. Re5 Rf2+ 43. Kg3 Rd2 44. Kxg4 Bg6 45.
Rg5 Rd4+ 46. Be4 Be7 47. Rxg6+ {Black resigns} 1-0

[Event "ICCopen2017"]
[Site "Internet Chess Club"]
[Date "2017.03.26"]
[Round "6"]
[White "starfiasch"]
[Black "julkat-ch"]
[Result "0-1"]
[ICCResult "White forfeits on time"]
[WhiteElo "1530"]
[BlackElo "1828"]
[Opening "Sicilian: Scheveningen, classical variation with ...Qc7 and ...Nc6"]
[ECO "B46"]
[NIC "SI.24"]
[Time "20:06:31"]
[TimeControl "180+0"]

1. e4 c5 2. Nf3 e6 3. d4 cxd4 4. Nxd4 a6 5. Nc3 Nc6 6. Be2 Qc7 7. O-O Nf6 8.
f4 d6 9. Kh1 Be7 10. Be3 b5 11. Bf3 Bb7 12. Qd2 b4 13. Nce2 Rc8 14. c3 bxc3
15. bxc3 O-O 16. Ng3 Na5 17. Rac1 Nc4 18. Qd3 Nxe3 19. Qxe3 Qc4 20. h3 Qxa2
21. Rf2 Qc4 22. f5 e5 23. Nde2 d5 24. exd5 Bc5 25. Qg5 Bxf2 26. Nh5 Nxh5 27.
Bxh5 f6 28. Qd2 Qxd5 29. Qxd5+ Bxd5 30. Bf3 Bxf3 31. gxf3 a5 32. Kg2 Bc5 33.
Ra1 Ra8 34. Ra4 Rfd8 35. f4 Rd2 36. Kf3 Rxe2 37. Kxe2 exf4 38. Kf3 Be3 39.
c4 g5 40. Ke4 h5 41. c5 Bxc5 42. Kd5 Bb4 43. Ke6 Kg7 44. Ra2 g4 45. Rc2 gxh3
46. Rc7+ Kh6 47. Kxf6 Ra6+ {White forfeits on time} 0-1

[Event "ICCopen2017"]
[Site "Internet Chess Club"]
[Date "2017.03.26"]
[Round "6"]
[White "GYMEJR"]
[Black "Ataraxia"]
[Result "0-1"]
[ICCResult "White forfeits on time"]
[WhiteElo "1570"]
[BlackElo "1894"]
[Opening "Queen's pawn: London system"]
[ECO "A45"]
[NIC "QP.07"]
[Time "20:07:22"]
[TimeControl "180+0"]

1. d4 Nf6 2. Bf4 d6 3. e3 g6 4. h3 Bg7 5. c3 O-O 6. Nd2 Nbd7 7. Ngf3 Re8 8.
Bh2 e5 9. dxe5 dxe5 10. e4 Qe7 11. Qc2 a5 12. a4 Nc5 13. Bc4 b6 14. O-O Be6
15. Bxe6 Qxe6 16. Rfe1 Rad8 17. Bg3 Nd3 18. Re3 Nf4 19. Nf1 h6 20. Rd1 Rxd1
21. Qxd1 N6h5 22. c4 Qxc4 23. Qd7 Re6 24. Rc3 Ne2+ 25. Kh2 Nxc3 26. Ne3 Qxa4
27. Qc8+ Re8 28. Qxc7 Nxe4 29. Bxe5 Nxf2 30. Bxg7 Nxg7 31. Nd5 Nh5 32. g4
Qe4 33. gxh5 Qxf3 34. Nf6+ Qxf6 35. hxg6 fxg6 36. Qc4+ Qf7
{White forfeits on time}
0-1

[Event "ICCopen2017"]
[Site "Internet Chess Club"]
[Date "2017.03.26"]
[Round "6"]
[White "WobblySquares"]
[Black "chesscomet"]
[Result "1-0"]
[ICCResult "Black forfeits on time"]
[WhiteElo "1738"]
[BlackElo "1473"]
[Opening "Pirc defense"]
[ECO "B07"]
[NIC "PU.08"]
[Time "20:06:24"]
[TimeControl "180+0"]

1. e4 d6 2. d4 Nf6 3. Bd3 e5 4. Nf3 Nc6 5. d5 Ne7 6. Be3 c6 7. c4 g6 8. h3
Bg7 9. Nc3 O-O 10. Qd2 cxd5 11. cxd5 Nh5 12. O-O f5 13. Qe2 f4 14. Bd2 Nf6
15. Rac1 a6 16. Rc2 g5 17. Nxg5 h6 18. Ne6 Bxe6 19. dxe6 Qc8 20. Na4 Qxe6
21. Bc4 d5 22. exd5 Nexd5 23. Rfc1 b5 24. Nc5 Qd6 25. Bb3 Rac8 26. Bb4 Qb6
27. Qxe5 Rfe8 28. Qf5 Kh8 29. Bxd5 Nxd5 30. Qxd5 Re5 31. Qd7 Rce8 32. Nd3
R5e6 33. Rc8 Rxc8 34. Rxc8+ Kh7 35. Qd5 Re2 36. Qf5+ Qg6 37. Qxg6+ Kxg6 38.
Rc6+ Kf5 39. Rxa6 Rd2 40. Nc5 Rd1+ 41. Kh2 Be5 42. f3 Bd4 43. Ne4 Bg1+ 44.
Kh1 Bf2+ 45. Kh2 Bg1+ 46. Kh1 Bf2+ 47. Kh2 Bg1+ 48. Kh1 Bf2+ 49. Kh2 Bg1+
50. Kh1 Bf2+ 51. Kh2 Bg1+ 52. Kh1 Bf2+ 53. Kh2 Bg1+ 54. Kh1 Bf2+ 55. Kh2
Bg1+ 56. Kh1 Bf2+ 57. Kh2 Bg1+ 58. Kh1 Bf2+ 59. Kh2 Bg1+ 60. Kh1 Bf2+ 61.
Kh2 Bg1+ 62. Kh1 Bf2+ 63. Kh2 Bg1+ 64. Kh1 Bf2+ 65. Kh2 Bg1+ 66. Kh1 Bf2+
67. Kh2 Bg1+ 68. Kh1 Bf2+ 69. Kh2 Bg1+ 70. Kh1 Bf2+ 71. Kh2 Bg1+ 72. Kh1
Bf2+ 73. Kh2 Bg1+ 74. Kh1 Bf2+ 75. Kh2 Bg1+ 76. Kh1 {Black forfeits on time}
1-0

[Event "ICCopen2017"]
[Site "Internet Chess Club"]
[Date "2017.03.26"]
[Round "6"]
[White "jps7"]
[Black "BoldPlan"]
[Result "0-1"]
[ICCResult "White forfeits on time"]
[WhiteElo "1539"]
[BlackElo "1824"]
[Opening "Pirc: classical system, 5.Be2"]
[ECO "A48"]
[NIC "PU.03"]
[Time "20:06:22"]
[TimeControl "180+0"]

1. d4 Nf6 2. Nf3 g6 3. Nc3 Bg7 4. e4 d6 5. Be2 O-O 6. O-O Nc6 7. Bf4 Re8 8.
e5 Nh5 9. Bg3 Nxg3 10. fxg3 dxe5 11. d5 Nd4 12. Ng5 h6 13. Nxf7 Qd7 14. h3
Rf8 15. Bg4 Qe8 16. Be6 Nxe6 17. dxe6 Bxe6 18. Nxh6+ Bxh6 19. Rxf8+ Qxf8 20.
Qe2 Qg7 21. Ne4 Rd8 22. g4 g5 23. Rf1 Qg6 24. c3 Bg7 25. Nc5 Bd5 26. Qb5 b6
27. Nd3 c6 28. Qa6 Bxg2 29. Kxg2 Qxd3 30. Qxd3 Rxd3 31. Rf5 Bf6 32. Rf2 e4
33. Re2 e3 34. Kf3 Rd2 35. Rxd2 exd2 36. Ke2 Kf7 37. Kxd2 Ke6 38. Kd3 Ke5
39. b3 Kf4 40. Ke2 Kg3 41. Ke3 Kxh3 42. Kf3 Bxc3 43. a4 Bf6 44. Ke4 Kxg4 45.
Kd3 e6 46. Kc4 a5 47. b4 axb4 48. Kxb4 Be7+ {White forfeits on time} 0-1